 Dungeon Crawl Stone Soup version 0.31.0-32-g396128a36d (webtiles) character file.

Game seed: 4648950572032412698

389 TacoSundae the Changeling (level 7, -5/47 HPs)
             Began as a Djinni Shapeshifter on Apr 11, 2024.
             Slain by a gnoll
             ... wielding a +0 flail
              (11 damage)
             ... on level 4 of the Dungeon.
             The game lasted 00:06:47 (3232 turns).

TacoSundae the Changeling (Djinni Shapeshifter)     Turns: 3232, Time: 00:06:48

Health: -5/47      AC:  3    Str: 15    XL:     7   Next: 7%
Gold:   294        EV: 12    Int: 12    God:
                   SH:  5    Dex: 12

rFire   + +          .
                       - Unarmed
rCold   x . .        (no shield)
rNeg    + . .        m - +0 leather armour
rPois   ∞            (helmet currently unavailable)
rElec   .            (cloak currently unavailable)
rCorr   .            (gloves currently unavailable)
SInv    +            (boots unavailable)
Will    .....        n - amulet of reflection
Stlth   +            f - ring of see invisible
HPRegen 0.27/turn    l - ring of positive energy
MPRegen 0.00/turn

%: reflection, infuse magic (-6 HP)
@: beast-form, flying
A: beast (slay +3), flying, sickness immunity, fire resistance 2, cold
vulnerability 1, float, innate caster, HP casting, extra vitality 1
a: Begin Untransformation


You were on level 4 of the Dungeon.
You were a hulking beast.
You visited 1 branch of the dungeon, and saw 4 of its levels.

You collected 294 gold pieces.

Inventory:

Armour
 m - a +0 leather armour (worn)
 p - a +0 cloak
Jewellery
 f - a ring of see invisible (left hand)
 l - a ring of positive energy (right hand)
 n - an amulet of reflection (around neck)
 r - a ring of willpower
Talismans
 c - a beast talisman
 d - a flux talisman
Scrolls
 g - 3 scrolls of teleportation
 j - a scroll of fear
 v - a scroll of enchant armour {unknown}
Potions
 a - a potion of brilliance {unknown}
 b - 3 potions of lignification
 e - a potion of might
 h - a potion of berserk rage {unknown}
 i - a potion of enlightenment {unknown}
 k - a potion of degeneration {unknown}
 o - a potion of haste {unknown}
 q - 3 potions of curing {unknown}
 s - 2 potions of resistance {unknown}
 t - 2 potions of ambrosia {unknown}
 u - a potion of mutation {unknown}


   Skills:
 - Level 1.0 Fighting
 - Level 2.1 Dodging
 + Level 5.0 Unarmed Combat
 + Level 5.2 Shapeshifting


You knew the following spells:

 Your Spells              Type           Power      Damage    Failure   Level
a - Slow                  Hex            0%         N/A       38%         1
b - Mercury Vapours       Alch/Air       0%         N/A       52%         2
c - Jinxbite              Hex            0%         N/A       52%         2
Your spell library was empty.

Dungeon Overview and Level Annotations

Branches:
Dungeon (4/15)
 Temple: D:4-7

Altars:

Shops:
D:1 :


Innate Abilities, Weirdness & Mutations

You are a hulking beast.
Your limbs bulge with bestial killing power. (Slay +3)
You are flying.
You are immune to sickness and miasma.
You are immune to poison.
Your flesh is very heat resistant. (rF++)
You are vulnerable to cold. (rC-)
You float through the air rather than walking.
You learn spells naturally, not from books.
Your magical power is your life essence.
You have superior vitality. (+4 MHP)


Message History

You swing at nothing.
You punch the gnoll!
The gnoll is severely wounded.
The gnoll hits you with a +0 club.
You hit the gnoll.
You kill the gnoll!
The gnoll hits you from afar with a +0 spear.
Your Unarmed Combat skill increases to level 5!
The gnoll misses you.
Things that are here:
a +0 club; a gnoll corpse You barely miss the gnoll.
The gnoll misses you.
You barely miss the gnoll. The gnoll misses you.
You barely miss the gnoll. The gnoll hits you with a +0 spear.
You hit the gnoll.
The gnoll is lightly wounded.
The gnoll misses you.
You closely miss the gnoll.
The gnoll is lightly wounded.
You hit the gnoll.
The gnoll is moderately wounded.
The gnoll misses you.
You punch the gnoll!
The gnoll is almost dead.
The gnoll hits you with a +0 spear.
You hit the gnoll.
You kill the gnoll!
You punch the gnoll!
The gnoll is severely wounded.
The gnoll hits you with a +0 flail!
The gnoll hits you from afar with a +0 spear!
You hit the gnoll.
The gnoll is almost dead.
The gnoll hits you with a +0 flail!
* * * LOW HITPOINT WARNING * * *
The gnoll closely misses you.
You closely miss the gnoll.
The gnoll is almost dead.
The gnoll hits you with a +0 flail!
You die...

....# ##..#####..........## ....#
##..## ##..........# ....# ##.g##
##....#....# ...####...#
#..#####...# .........## ##.##
###..# .........# #..# #..
....##...#### #..# #.
.....###.....######.## #.
.......#......ggh....# #)
...........#######...# ##)
..........## ###.## #..
..........## #..# ##.†
...........## ##.## #..#
#.#.#.......### #..# ###..#
....#.........### #..#####....#
..#.#....###....#####...#.......#
....#...## ###...............#...


You could see 2 gnolls.

Vanquished Creatures
  An ogre (D:4)
  A scorpion (D:4)
  A hound (D:3)
  An orc priest (D:4)
  An orc wizard (D:4)
  7 adders
  2 gnolls (D:4)
  2 dart slugs
  2 ribbon worms
  6 orcs (D:4)
  3 ball pythons
  6 bats
  7 endoplasms
  2 giant cockroaches
  A goblin (D:2)
  4 hobgoblins
  2 jackals (D:2)
  6 kobolds
  6 quokkas
  4 frilled lizards
  4 rats
69 creatures vanquished.

Notes
Turn   | Place    | Note
-------+----------+-------------------------------------------
     0 | D:1      | TacoSundae the Djinni Shapeshifter began the quest for the
                  | Orb.
     0 | D:1      | Reached XP level 1. HP: 17/17 MP: 0/0
    15 | D:1      | Found Odoschuch's Book Boutique.
   162 | D:1      | Reached XP level 2. HP: 22/22 MP: 0/0
   501 | D:2      | Reached XP level 3. HP: 18/27 MP: 0/0
   501 | D:2      | Learned a level 1 spell: Slow
   825 | D:2      | Reached XP level 4. HP: 23/32 MP: 0/0
   939 | D:2      | Found a faded altar of an unknown god.
  1611 | D:3      | Reached XP level 5. HP: 37/37 MP: 0/0
  1611 | D:3      | Learned a level 2 spell: Mercury Vapours
  2175 | D:4      | Reached XP level 6. HP: 30/42 MP: 0/0
  2222 | D:4      | Noticed an ogre
  2235 | D:4      | Killed an ogre
  2236 | D:4      | Reached skill level 5 in Shapeshifting
  2592 | D:4      | Reached XP level 7. HP: 43/47 MP: 0/0
  2592 | D:4      | Learned a level 2 spell: Jinxbite
  3221 | D:4      | Reached skill level 5 in Unarmed Combat
  3232 | D:4      | Slain by a gnoll

Illustrated notes

Levels and vault maps discovered:
D:1:      minmay_arrival_doors, layout_rooms, serial_shops,
          nicolae_shop_tiny_statue_garden, minmay_cut_off
D:2:      layout_basic, nicolae_ecumenical_lake_church
D:3:      layout_basic
D:4:      layout_layer_cave, st_stairs_4

Skill      XL: |  1  2  3  4  5  6  7 |
---------------+----------------------+-----
Shapeshifting  | 3 4 5 |  5.2
Unarmed Combat | 4 5 |  5.0
Fighting       | |  1.0
Dodging        | |  2.1

Action                     |  1- 3 |  4- 6 |  7- 9 || total
---------------------------+-------+-------+-------++-------
  Melee: Unarmed           |    93 |   156 |    20 ||   269
         Punch             |       |     2 |       ||     2
   Cast: Slow              |       |     1 |       ||     1
    Use: Scroll            |       |     5 |       ||     5
 Armour: Animal skin       |    16 |       |       ||    16
         Leather armour    |    30 |    70 |    13 ||   113
  Dodge: Dodged            |    54 |    75 |     8 ||   137
  Block: Other             |     1 |    27 |     2 ||    30
         Reflection        |       |     1 |       ||     1
